AoeStats
← Bisgarra

Nomad

510446135Analyzed
2v2 RM · 2d ago on Oct 1, 2026· 26m 38s· 4 players
Game mode
Random Map
Map size
176×176
Population
200
Speed
Normal
Resources
Standard
Victory
Conquest
Starting age
Dark Age
Ending age
Imperial Age
RankedLock teamsTeams togetherTeam positionsShared explorationLock speedFull tech treeHidden civsTurbo modeCheats
Victory
Defeat
🇨🇴 Varangians · Colombia
824
+13
🇵🇪 Huns · Peru
777
+15
🇦🇷 Bohemians · Argentina
777
-14
🇦🇷 Khmer · Argentina
752
-14
3GUR3N
5:21 Loom
16:04 Feudal Age
16:33 Town Watch
16:36 Double-Bit Axe
21:55 Castle Age
20:24 Scale Mail Armor
21:50 Forging
22:50 Pikeman
23:17 Arson
23:47 Man-at-Arms
24:46 Long Swordsman
Bisgarra
5:54 Loom
17:13 Feudal Age
18:07 Double-Bit Axe
17:46 Man-at-Arms
18:11 Arson
21:51 Wheelbarrow
24:19 Town Watch
jonathan_penia
5:28 Loom
13:52 Feudal Age
14:37 Double-Bit Axe
14:42 Fishing Lines
19:19 Castle Age
18:08 Bloodlines
19:12 Forging
19:09 Scale Barding Armor
21:59 Bow Saw
21:42 Gold Mining
25:06 Iron Casting
25:56 Gillnets
Kev003nAn
4:01 Loom
14:14 Feudal Age
14:53 Double-Bit Axe
15:10 Fishing Lines
21:08 Castle Age
19:17 Scale Mail Armor
19:28 Forging
19:12 Fletching
20:54 Gold Mining
20:55 Stone Mining
23:07 Bow Saw
25:23 Iron Casting
Connection lost

Rejoining the realm…

Still unreachable

The connection could not be restored.

Session expired

The server has moved on; the page needs a fresh start.